[Event "ICC tourney 2354 (60 10)"]
[Site "Internet Chess Club"]
[Date "2021.01.31"]
[Round "4"]
[White "JudeNYC"]
[Black "DanielA1926"]
[Result "1-0"]
[ICCResult "Black checkmated"]
[WhiteElo "1622"]
[BlackElo "1771"]
[Opening "Sicilian defense"]
[ECO "B20"]
[NIC "SI.48"]
[Time "10:01:59"]
[PlyCount "83"]
[TimeControl "3600+10"]

1. e4 c5 2. a3 g6 3. Nc3 Bg7 4. Bc4 Nc6 5. d3 d6 6. f4 e5 7. Nf3 Bg4 8. O-O
Nge7 9. Bxf7+ Kd7 10. Bc4 exf4 11. Bxf4 Rf8 12. Be3 Ne5 13. Nxe5+ Bxe5 14.
Qxg4+ Kc7 15. Rxf8 Qxf8 16. Qf3 Qxf3 17. gxf3 Rf8 18. Rf1 Nc6 19. Kg2 Bd4
20. Nb5+ Kd7 21. Nxd4 Nxd4 22. Bxd4 cxd4 23. f4 a5 24. f5 gxf5 25. Rxf5
Rxf5 26. exf5 b6 27. f6 Ke8 28. f7+ Kf8 29. Kf3 b5 30. Ba2 d5 31. Bxd5 b4
32. axb4 axb4 33. Ke4 b3 34. cxb3 h5 35. b4 h4 36. b5 h3 37. b6 Kg7 38. b7
Kh7 39. b8=Q Kg6 40. Qg8+ Kh5 41. f8=Q Kh4 42. Qh6# { Black checkmated }
1-0

[Event "ICC tourney 2354 (60 10)"]
[Site "Internet Chess Club"]
[Date "2021.01.31"]
[Round "4"]
[White "TweensGambit"]
[Black "lemonbar"]
[Result "1-0"]
[ICCResult "Black checkmated"]
[WhiteElo "1383"]
[BlackElo "822"]
[Opening "Scotch: Schmidt variation"]
[ECO "C45"]
[NIC "SO.04"]
[Time "10:01:37"]
[PlyCount "51"]
[TimeControl "3600+10"]

1. e4 e5 2. Nf3 Nc6 3. d4 exd4 4. Nxd4 Nf6 5. Nc3 Be7 6. Bf4 O-O 7. Qd2 d6
8. O-O-O Re8 9. Bc4 Ne5 10. Bb3 b6 11. f3 Bb7 12. h4 a5 13. a4 c6 14. Nf5
Ng6 15. Be3 Ra6 16. h5 Ne5 17. h6 Bf8 18. hxg7 Bxg7 19. Nxg7 Ng6 20. Nxe8
Qxe8 21. Qxd6 Qe6 22. Bxe6 fxe6 23. Qxe6+ Kh8 24. Rd8+ Nf8 25. Rxf8+ Kg7
26. Qxf6# { Black checkmated } 1-0

[Event "ICC tourney 2354 (60 10)"]
[Site "Internet Chess Club"]
[Date "2021.01.31"]
[Round "4"]
[White "SAHY-Gabe"]
[Black "powerfulchess"]
[Result "1-0"]
[ICCResult "Black checkmated"]
[WhiteElo "1423"]
[BlackElo "928"]
[Opening "English opening"]
[ECO "A10"]
[NIC "EO.64"]
[Time "10:02:26"]
[PlyCount "75"]
[TimeControl "3600+10"]

1. c4 d6 2. Nc3 Nf6 3. g3 g6 4. Bg2 Bg7 5. e3 O-O 6. Nge2 Bd7 7. O-O Qc8 8.
d4 Bh3 9. b3 Bxg2 10. Kxg2 Qf5 11. Nb5 Nc6 12. Nxc7 Rad8 13. Nb5 d5 14.
cxd5 Qxd5+ 15. Kg1 Qxb5 16. Nc3 Qh5 17. Qd2 Ng4 18. h4 g5 19. Kg2 gxh4 20.
Rh1 Qg6 21. Rxh4 Nge5 22. Qe1 Nd7 23. Ba3 Rde8 24. Nd5 b5 25. Nf4 Qf5 26.
Qe2 h6 27. Rah1 Qh7 28. Nh5 Bh8 29. Qg4+ Bg7 30. Nxg7 Qxg7 31. Qxd7 Qf6 32.
Rxh6 Qg5 33. Qxc6 f6 34. Qe6+ Kg7 35. Rh7+ Kg6 36. Qe4+ Qf5 37. R1h6+ Kg5
38. Qh4# { Black checkmated } 1-0

[Event "ICC tourney 2354 (60 10)"]
[Site "Internet Chess Club"]
[Date "2021.01.31"]
[Round "4"]
[White "Jagaram"]
[Black "pinkjam82"]
[Result "0-1"]
[ICCResult "White checkmated"]
[WhiteElo "1367"]
[BlackElo "1588"]
[Opening "Sicilian: closed, 2...Nc6"]
[ECO "B23"]
[NIC "SI.44"]
[Time "10:01:40"]
[PlyCount "60"]
[TimeControl "3600+10"]

1. e4 c5 2. Nc3 Nc6 3. Bb5 e6 4. Bxc6 bxc6 5. f4 d5 6. Nf3 Ne7 7. O-O g6 8.
d3 Bg7 9. Qe1 O-O 10. f5 exf5 11. Qh4 Ba6 12. Bh6 fxe4 13. Bxg7 Kxg7 14.
Ne1 Nf5 15. Qf2 exd3 16. cxd3 c4 17. Qd2 Re8 18. Rf2 cxd3 19. Nxd3 Bxd3 20.
Qxd3 Re3 21. Qd2 d4 22. Na4 Qh4 23. Re1 Rae8 24. Rxe3 dxe3 25. Qc3+ Kg8 26.
Rxf5 gxf5 27. Nc5 e2 28. Nd3 e1=Q+ 29. Nxe1 Rxe1+ 30. Qxe1 Qxe1# { White
checkmated } 0-1

[Event "ICC tourney 2354 (60 10)"]
[Site "Internet Chess Club"]
[Date "2021.01.31"]
[Round "4"]
[White "ToughTurtle"]
[Black "thihansa"]
[Result "1-0"]
[ICCResult "Black checkmated"]
[WhiteElo "1467"]
[BlackElo "1231"]
[Opening "French: exchange variation"]
[ECO "C01"]
[NIC "FR.01"]
[Time "10:01:48"]
[PlyCount "83"]
[TimeControl "3600+10"]

1. e4 e6 2. d4 d5 3. exd5 exd5 4. Bd3 Nf6 5. h3 Be7 6. Qf3 O-O 7. Ne2 Re8
8. Be3 c6 9. Nd2 Nbd7 10. g4 g6 11. Ng3 Bd6 12. Ndf1 Qe7 13. O-O-O Ne4 14.
Rg1 Qf6 15. Qxf6 Ndxf6 16. g5 Nxg3 17. Nxg3 Ne4 18. Nxe4 dxe4 19. Be2 Bxh3
20. Rh1 Bf5 21. Rh6 Kg7 22. Rdh1 Rh8 23. d5 c5 24. Bd2 Be5 25. f4 Bd4 26.
c3 Bf2 27. R1h2 e3 28. Kd1 Bg3 29. Rg2 Bxf4 30. Be1 Bxg5 31. Rxg5 Kxh6 32.
Bh4 Rad8 33. c4 b5 34. Rg1 Rd7 35. Bf6 Be4 36. Rg4 g5 37. Bxh8 Bf5 38. Rg3
bxc4 39. Bxc4 Be4 40. Rxe3 Bxd5 41. Bd3 Bc4 42. Rh3# { Black checkmated }
1-0

[Event "ICC tourney 2354 (60 10)"]
[Site "Internet Chess Club"]
[Date "2021.01.31"]
[Round "4"]
[White "EkstromVT2"]
[Black "SAHYMS-Subi"]
[Result "1-0"]
[ICCResult "Black checkmated"]
[WhiteElo "864"]
[BlackElo "1156"]
[Opening "QGD: 4.Bg5"]
[ECO "D38"]
[NIC "QO.16"]
[Time "10:01:36"]
[PlyCount "127"]
[TimeControl "3600+10"]

1. d4 d5 2. c4 e6 3. Nc3 Nf6 4. Bg5 Bb4 5. Nf3 h6 6. Bh4 g5 7. Bg3 Ne4 8.
Qc2 Nc6 9. e3 Bd7 10. Bd3 f5 11. O-O Bd6 12. Bxd6 Nxd6 13. cxd5 Nb4 14. Qd2
Nxd5 15. Nxd5 exd5 16. Ne5 Bb5 17. Bxb5+ Nxb5 18. Qc2 Qd6 19. Qxf5 Rf8 20.
Qd3 a6 21. Qe2 O-O-O 22. Rac1 Kb8 23. a4 Na7 24. Qc2 Rc8 25. Qb3 Rf6 26.
Rc2 Ka8 27. Rfc1 Qb6 28. Qxb6 Rxb6 29. h3 Nc6 30. Nd7 Rb4 31. Rc5 Rxa4 32.
Rxd5 Nb8 33. Nb6+ cxb6 34. Rxc8 Ra1+ 35. Kh2 Ka7 36. Rdd8 a5 37. Rxb8 b5
38. Ra8+ Kb6 39. Rd6+ Kc7 40. Rad8 a4 41. R8d7+ Kb8 42. Rb6 a3 43. bxa3
Rxa3 44. Rbxb7+ Kc8 45. Rh7 Rc3 46. Rbg7 Kb8 47. Rb7+ Kc8 48. Rxb5 Rc7 49.
Rc5 Rxc5 50. dxc5 Kd8 51. c6 Kc8 52. Kg3 h5 53. Kf3 g4+ 54. hxg4 hxg4+ 55.
Kxg4 Kd8 56. Kf5 Kc8 57. Ke6 Kd8 58. Kd6 Kc8 59. c7 Kb7 60. Kd7 Kb6 61. Kd8
Kb5 62. c8=Q Kb4 63. Rb7+ Ka3 64. Qa8# { Black checkmated } 1-0

[Event "ICC tourney 2354 (60 10)"]
[Site "Internet Chess Club"]
[Date "2021.01.31"]
[Round "4"]
[White "CICyclones"]
[Black "VickyV2011"]
[Result "1-0"]
[ICCResult "Black checkmated"]
[WhiteElo "1552"]
[BlackElo "1056"]
[Opening "Scandinavian (center counter) defense"]
[ECO "B01"]
[NIC "SD.02"]
[Time "10:02:10"]
[PlyCount "153"]
[TimeControl "3600+10"]

1. e4 d5 2. exd5 Qxd5 3. Nc3 Qd8 4. Bc4 Nf6 5. d4 c6 6. Bf4 Bf5 7. Nf3 e6
8. h3 Be7 9. O-O O-O 10. Bd3 Bg6 11. Re1 Nbd7 12. Bxg6 hxg6 13. Ng5 Nd5 14.
Nxd5 cxd5 15. Qg4 Nf6 16. Qf3 Bd6 17. Bxd6 Qxd6 18. Re2 Rac8 19. Rae1 Rfe8
20. Re5 Qb4 21. b3 Qxd4 22. c4 dxc4 23. Qxb7 Qd7 24. Qxd7 Nxd7 25. R5e3
cxb3 26. axb3 Nf6 27. Ra1 Re7 28. Re5 Nd5 29. Rd1 Nf6 30. Ra5 Rec7 31. Kh2
Kf8 32. Rda1 Ra8 33. b4 Nd5 34. b5 Rb7 35. Ne4 Rab8 36. Rxa7 Rxb5 37. Nd6
R5b6 38. Nxf7 R8b7 39. Ne5 Rxa7 40. Rxa7 Kg8 41. Nxg6 Rb2 42. Kg3 Nf6 43.
f3 Nd5 44. Ne7+ Kh7 45. Nxd5 exd5 46. Rd7 Rd2 47. f4 Kh6 48. Rd6+ Kh5 49.
Kf3 Rd3+ 50. Ke2 Rd4 51. Ke3 Rd1 52. g3 g6 53. Rd7 Re1+ 54. Kf2 g5 55. Kxe1
Kh6 56. fxg5+ Kxg5 57. Rxd5+ Kh6 58. Kf2 Kg6 59. Kf3 Kh6 60. Kf4 Kg6 61.
Ra5 Kh6 62. Kg4 Kg6 63. Ra6+ Kf7 64. Kf5 Ke7 65. Rh6 Kd7 66. Ke5 Kc7 67.
Kd5 Kb7 68. Kc5 Ka7 69. Kb5 Kb7 70. Rh7+ Kc8 71. Kc6 Kd8 72. Ra7 Ke8 73.
Kd6 Kf8 74. Ke6 Kg8 75. Kf6 Kh8 76. Kg6 Kg8 77. Ra8# { Black checkmated }
1-0

[Event "ICC tourney 2354 (60 10)"]
[Site "Internet Chess Club"]
[Date "2021.01.31"]
[Round "4"]
[White "chessamongus"]
[Black "Smartypants915"]
[Result "0-1"]
[ICCResult "White checkmated"]
[WhiteElo "1705"]
[BlackElo "1505"]
[Opening "Pirc defense"]
[ECO "B07"]
[NIC "PU.04"]
[Time "10:01:50"]
[PlyCount "98"]
[TimeControl "3600+10"]

1. e4 d6 2. d4 Nf6 3. Nc3 g6 4. f3 a6 5. Be3 Nbd7 6. Qd2 b5 7. Nge2 Bb7 8.
Bh6 Nb6 9. Bxf8 Rxf8 10. b3 Qd7 11. Ng3 O-O-O 12. a4 b4 13. Nce2 a5 14. Rc1
Kb8 15. c3 c5 16. cxb4 cxb4 17. d5 Rc8 18. Nd4 Rxc1+ 19. Qxc1 Rc8 20. Qe3
Rc3 21. Qf2 Rc1+ 22. Kd2 Qc8 23. Nc6+ Bxc6 24. Kxc1 Bb7+ 25. Qc2 Qd8 26.
Bd3 Nbd7 27. Kb2 Nc5 28. Bc4 Qh8 29. Ka2 Nfd7 30. Qb2 Qf8 31. f4 Nb6 32.
Be2 f6 33. Rc1 f5 34. Qc2 Nbxa4 35. exf5 Bxd5 36. Bc4 Nc3+ 37. Kb2 Bxc4 38.
bxc4 Qf6 39. Re1 b3 40. Re6 Qd4 41. Rxd6 exd6 42. Qc1 Ne2+ 43. Kb1 Nxc1 44.
Kxc1 Qc3+ 45. Kd1 Qd3+ 46. Ke1 Qc2 47. Ne2 b2 48. Kf1 Ne4 49. Nc3 Qf2# {
White checkmated } 0-1

[Event "ICC tourney 2354 (60 10)"]
[Site "Internet Chess Club"]
[Date "2021.01.31"]
[Round "4"]
[White "predatorx"]
[Black "maxipep88"]
[Result "1-0"]
[ICCResult "Black resigns"]
[WhiteElo "1815"]
[BlackElo "1553"]
[Opening "QGD Slav: exchange variation, 6.Bf4 Bf5"]
[ECO "D14"]
[NIC "SL.02"]
[Time "10:02:26"]
[PlyCount "89"]
[TimeControl "3600+10"]

1. d4 d5 2. c4 c6 3. cxd5 cxd5 4. Nf3 Nf6 5. Nc3 Nc6 6. Bf4 Bf5 7. e3 e6 8.
Qb3 Qb6 9. Bb5 Nd7 10. O-O a6 11. Bxc6 bxc6 12. Ne5 Qxb3 13. axb3 Nxe5 14.
Bxe5 f6 15. Bg3 Bc2 16. Na4 Bxb3 17. Rfc1 Bxa4 18. Rxa4 Kd7 19. Rca1 Bd6
20. Rxa6 Rxa6 21. Rxa6 Rc8 22. Kf1 Bxg3 23. hxg3 Rc7 24. Rb6 e5 25. Ke2 Ra7
26. Kd2 Kc7 27. Rb3 Rb7 28. Kc3 Rxb3+ 29. Kxb3 exd4 30. exd4 f5 31. f3 g5
32. g4 f4 33. Ka4 Kb7 34. Ka5 Ka7 35. b4 Kb7 36. b5 Kc7 37. bxc6 Kxc6 38.
Ka6 Kd6 39. Kb6 Kd7 40. Kc5 Ke6 41. Kc6 h6 42. Kc5 Kf6 43. Kxd5 Kg6 44. Ke6
h5 45. d5 { Black resigns } 1-0

[Event "ICC tourney 2354 (60 10)"]
[Site "Internet Chess Club"]
[Date "2021.01.31"]
[Round "4"]
[White "MYMChessWyatt"]
[Black "xiaoyiyi"]
[Result "1-0"]
[ICCResult "Black resigns"]
[WhiteElo "1289"]
[BlackElo "1422"]
[Opening "Sicilian: Kan, 5.Nc3"]
[ECO "B43"]
[NIC "SI.41"]
[Time "10:01:39"]
[PlyCount "75"]
[TimeControl "3600+10"]

1. e4 c5 2. Nf3 e6 3. d4 cxd4 4. Nxd4 a6 5. Nc3 Qc7 6. a3 Nf6 7. Be3 d6 8.
Be2 Nbd7 9. O-O Be7 10. f4 b5 11. Bf3 Bb7 12. Qe2 O-O 13. Rad1 Rac8 14. g4
Nc5 15. Bf2 Rfd8 16. g5 Ne8 17. h4 d5 18. e5 Nd7 19. h5 Nb8 20. g6 Nc6 21.
gxf7+ Kxf7 22. Nxe6 Kxe6 23. Nxd5 Qb8 24. Qe4 Nc7 25. f5+ Kf7 26. Nxe7 Nxe7
27. Qxb7 Qxb7 28. Bxb7 Rb8 29. Be4 a5 30. e6+ Ke8 31. Bh4 Rb6 32. Rxd8+
Kxd8 33. Rd1+ Ke8 34. Rd7 Na6 35. Rxe7+ Kf8 36. Rd7 g6 37. e7+ Kf7 38. Bd5+
{ Black resigns } 1-0

[Event "ICC tourney 2354 (60 10)"]
[Site "Internet Chess Club"]
[Date "2021.01.31"]
[Round "4"]
[White "Heliosis"]
[Black "bgl2011"]
[Result "1-0"]
[ICCResult "Black checkmated"]
[WhiteElo "1913"]
[BlackElo "1401"]
[Opening "Ruy Lopez: closed, Bogolyubov variation"]
[ECO "C91"]
[NIC "RL.20"]
[Time "10:01:50"]
[PlyCount "79"]
[TimeControl "3600+10"]

1. e4 e5 2. Nf3 Nc6 3. Bb5 a6 4. Ba4 Nf6 5. O-O b5 6. Bb3 d6 7. c3 Be7 8.
Re1 O-O 9. d4 Bg4 10. Be3 Na5 11. Bc2 Nc4 12. Bc1 Qd7 13. b3 Nb6 14. Nbd2
Rfe8 15. Bb2 a5 16. Nf1 a4 17. Ng3 c5 18. dxe5 dxe5 19. Qe2 Bxf3 20. Qxf3
axb3 21. axb3 c4 22. Rad1 Qc7 23. Bc1 cxb3 24. Bxb3 Na4 25. Bxa4 Rxa4 26.
Nf5 Bf8 27. Bg5 Ra6 28. Qg3 Qb7 29. Qh4 Rc8 30. h3 Rxc3 31. Rd8 Rc8 32.
Ne7+ Qxe7 33. Rxc8 b4 34. Bxf6 Rxf6 35. Rec1 Qb7 36. R1c7 Qa6 37. Qg4 b3
38. Qd7 b2 39. Rxf8+ Kxf8 40. Qd8# { Black checkmated } 1-0

[Event "ICC tourney 2354 (60 10)"]
[Site "Internet Chess Club"]
[Date "2021.01.31"]
[Round "4"]
[White "mnm1"]
[Black "Morganito"]
[Result "0-1"]
[ICCResult "White checkmated"]
[WhiteElo "1508"]
[BlackElo "1805"]
[Opening "Sicilian: Kan, Maróczy bind (Réti variation)"]
[ECO "B41"]
[NIC "SI.41"]
[Time "10:01:31"]
[PlyCount "120"]
[TimeControl "3600+10"]

1. e4 c5 2. Nf3 e6 3. d4 cxd4 4. Nxd4 a6 5. c4 g6 6. Nc3 Bg7 7. Be3 Ne7 8.
Be2 O-O 9. O-O f5 10. Qd2 f4 11. Bxf4 Bxd4 12. Qxd4 Rxf4 13. Qd6 Rf8 14.
Rad1 Nec6 15. Na4 Qa5 16. b3 Ra7 17. Rd2 b5 18. Nc5 bxc4 19. Bxc4 Qc7 20.
Qd3 Ne5 21. Qd4 Nxc4 22. Qxc4 d6 23. Na4 Qxc4 24. bxc4 Rc7 25. Rc1 Rd8 26.
h3 Bb7 27. f3 Kf7 28. Rb2 Bc6 29. Nc3 Be8 30. Nd1 d5 31. exd5 exd5 32. Rcb1
Rxc4 33. Ne3 Rcc8 34. Rb7+ Kg8 35. Ra7 Nc6 36. Rxa6 d4 37. Nd1 Ra8 38. Rab6
Rxa2 39. Rb7 Raa8 40. Rc7 Rac8 41. Rcb7 Rb8 42. Rxb8 Rxb8 43. Rc1 Kf7 44.
Kf2 Ne5 45. Ke2 Bb5+ 46. Kd2 Nc4+ 47. Kc2 Ba4+ 48. Kd3 Bxd1 49. Rxd1 Nb2+
50. Kd2 Nxd1 51. Kxd1 Rb2 52. Ke1 d3 53. Kd1 Rxg2 54. Ke1 Kf6 55. Kd1 Kf5
56. Ke1 d2+ 57. Kd1 Ke5 58. Kc2 Kd4 59. Kd1 Kd3 60. f4 Rg1# { White
checkmated } 0-1

[Event "ICC tourney 2354 (60 10)"]
[Site "Internet Chess Club"]
[Date "2021.01.31"]
[Round "4"]
[White "ILoveChess11"]
[Black "ickyquarter"]
[Result "1/2-1/2"]
[ICCResult "Game drawn by repetition"]
[WhiteElo "1670"]
[BlackElo "2077"]
[Opening "Sicilian: Canal-Sokolsky attack, Sokolsky variation"]
[ECO "B52"]
[NIC "SI.01"]
[Time "10:01:47"]
[PlyCount "138"]
[TimeControl "3600+10"]

1. e4 c5 2. Nf3 d6 3. Bb5+ Bd7 4. Bxd7+ Qxd7 5. c4 Nc6 6. d4 cxd4 7. Nxd4
g6 8. Nc3 Bg7 9. Be3 Nf6 10. f3 O-O 11. O-O Rfc8 12. b3 b6 13. Rc1 Rd8 14.
Qd2 Rac8 15. Rfd1 h5 16. h3 Ne8 17. Nxc6 Rxc6 18. Nb5 Rcc8 19. Qe2 Qb7 20.
Nd4 Qd7 21. Nb5 Ra8 22. Kh1 Nc7 23. Nd4 Ne6 24. Nb5 Qb7 25. Nc3 Nc7 26. Bf4
Rac8 27. Kg1 Ne6 28. Be3 Nc7 29. Bf4 Ne8 30. Be3 Nf6 31. Bf4 Rd7 32. Rd3
Rcd8 33. Rcd1 Qc6 34. Nb5 Qb7 35. Nc3 Qc6 36. Nb5 Kh7 37. Nd4 Qb7 38. Nb5
Ne8 39. Qd2 a6 40. Nc3 Nf6 41. a4 Qc6 42. Nd5 b5 43. cxb5 axb5 44. a5 Nxd5
45. exd5 Qb7 46. b4 Rc8 47. Be3 Rdc7 48. Bd4 Rc2 49. Qe3 Bh6 50. Qe4 Ra2
51. Rc3 Rxc3 52. Bxc3 Bg7 53. Bxg7 Kxg7 54. Qd4+ Kg8 55. Ra1 Rxa1+ 56. Qxa1
Kh7 57. a6 Qb6+ 58. Kh1 Qa7 59. Kh2 h4 60. Qe1 Qxa6 61. Qxh4+ Kg7 62. Qxe7
Qb6 63. Qd7 Kf6 64. f4 Qa6 65. Qd8+ Kg7 66. Qd7 Kf6 67. Qd8+ Kg7 68. Qd7
Kf6 69. Qd8+ Kg7 { Game drawn by repetition } 1/2-1/2

[Event "ICC tourney 2354 (60 10)"]
[Site "Internet Chess Club"]
[Date "2021.01.31"]
[Round "5"]
[White "IronFocus"]
[Black "ROYCHOI"]
[Result "1-0"]
[ICCResult "Black resigns"]
[WhiteElo "1548"]
[BlackElo "1417"]
[Opening "French: Marshall variation"]
[ECO "C10"]
[NIC "FR.04"]
[Time "13:00:33"]
[PlyCount "35"]
[TimeControl "3600+10"]

1. e4 e6 2. d4 d5 3. Nc3 c5 4. exd5 exd5 5. dxc5 Nf6 6. Bg5 Bxc5 7. Nxd5 h6
8. Nxf6+ gxf6 9. Qxd8+ Kxd8 10. Bxf6+ Ke8 11. Bxh8 Nc6 12. O-O-O Bxf2 13.
Bb5 Bd7 14. Nf3 Ke7 15. Bc3 Bc5 16. Rhe1+ Kd8 17. Bxc6 bxc6 18. Ne5 { Black
resigns } 1-0

[Event "ICC tourney 2354 (60 10)"]
[Site "Internet Chess Club"]
[Date "2021.01.31"]
[Round "5"]
[White "AlexaL"]
[Black "Abbyliao0216"]
[Result "1-0"]
[ICCResult "Black checkmated"]
[WhiteElo "723"]
[BlackElo "768"]
[Opening "Queen's pawn: Chigorin variation"]
[ECO "D00"]
[NIC "QP.08"]
[Time "13:00:18"]
[PlyCount "43"]
[TimeControl "3600+10"]

1. d4 d5 2. Nc3 Nf6 3. Bf4 Bf5 4. e3 e6 5. f3 Bb4 6. Qd2 h6 7. g4 Bg6 8. h4
e5 9. Bxe5 O-O 10. O-O-O b6 11. g5 Nfd7 12. gxh6 gxh6 13. h5 Nxe5 14. hxg6
Nc4 15. Bxc4 dxc4 16. Qh2 Qg5 17. gxf7+ Rxf7 18. Nge2 Qxe3+ 19. Kb1 Rxf3
20. Rhg1+ Kh7 21. Qxc7+ Kh8 22. Qg7# { Black checkmated } 1-0

[Event "ICC tourney 2354 (60 10)"]
[Site "Internet Chess Club"]
[Date "2021.01.31"]
[Round "5"]
[White "xiaoyiyi"]
[Black "BSILawrence"]
[Result "1-0"]
[ICCResult "Black checkmated"]
[WhiteElo "1422"]
[BlackElo "1167"]
[Opening "Vienna gambit"]
[ECO "C29"]
[NIC "VG.04"]
[Time "13:00:28"]
[PlyCount "27"]
[TimeControl "3600+10"]

1. e4 e5 2. Nc3 Nf6 3. f4 exf4 4. e5 Qe7 5. d4 d6 6. Qe2 Nfd7 7. Nd5 Qd8 8.
exd6+ Ne5 9. Qxe5+ Kd7 10. dxc7 Qh4+ 11. g3 fxg3 12. cxb8=N+ Rxb8 13. Bb5+
Kd8 14. Qc7# { Black checkmated } 1-0

[Event "ICC tourney 2354 (60 10)"]
[Site "Internet Chess Club"]
[Date "2021.01.31"]
[Round "5"]
[White "KevKing"]
[Black "riaanj"]
[Result "1-0"]
[ICCResult "Black resigns"]
[WhiteElo "1345"]
[BlackElo "960"]
[Opening "Queen's pawn, Mason variation"]
[ECO "D00"]
[NIC "QP.08"]
[Time "13:00:24"]
[PlyCount "64"]
[TimeControl "3600+10"]

1. d4 d5 2. Bf4 Nf6 3. e3 Bg4 4. f3 Bf5 5. c4 c6 6. Nc3 Nbd7 7. Qb3 Qb6 8.
c5 Qxb3 9. axb3 e6 10. b4 Be7 11. b5 O-O 12. Nge2 Bd3 13. Ng3 Bxf1 14. Nxf1
Rfe8 15. Nd2 Nf8 16. O-O Ng6 17. Bg3 Rac8 18. Rxa7 Rb8 19. Bxb8 Rxb8 20.
Rfa1 h6 21. Ra8 Rxa8 22. Rxa8+ Kh7 23. Rb8 Bd8 24. Rxd8 Nh5 25. Rd7 Nh4 26.
g3 Nf5 27. Kf2 Nf6 28. Rxf7 cxb5 29. Rxb7 b4 30. Rxb4 Nh5 31. g4 Nf4 32.
exf4 Nh4 { Black resigns } 1-0

[Event "ICC tourney 2354 (60 10)"]
[Site "Internet Chess Club"]
[Date "2021.01.31"]
[Round "5"]
[White "DarrenReiss"]
[Black "Platafina123"]
[Result "1-0"]
[ICCResult "Black resigns"]
[WhiteElo "1537"]
[BlackElo "1172"]
[Opening "Giuoco Piano: close variation"]
[ECO "C53"]
[NIC "IG.02"]
[Time "13:00:27"]
[PlyCount "69"]
[TimeControl "3600+10"]

1. e4 e5 2. Nf3 Nc6 3. Bc4 Bc5 4. c3 Qe7 5. d3 Nf6 6. O-O d6 7. Nbd2 Be6 8.
h3 h6 9. Re1 g5 10. b4 Bb6 11. Nh2 Rg8 12. Ng4 Nxg4 13. hxg4 O-O-O 14.
Bxe6+ fxe6 15. a4 a6 16. Nc4 Ba7 17. b5 Nb8 18. Be3 Bxe3 19. Rxe3 Rdf8 20.
Rb1 Qf6 21. Rf3 Qg7 22. Rxf8+ Rxf8 23. b6 c6 24. Nxd6+ Kd7 25. Nxb7 Qf7 26.
Qd2 Ke7 27. d4 Qf6 28. dxe5 Qxe5 29. Qd4 Qxd4 30. cxd4 Rf4 31. f3 Kd7 32.
Nc5+ Kd6 33. Kf2 Rf7 34. Rh1 Rf6 35. e5+ { Black resigns } 1-0

[Event "ICC tourney 2354 (60 10)"]
[Site "Internet Chess Club"]
[Date "2021.01.31"]
[Round "5"]
[White "deviyer"]
[Black "CICyclones"]
[Result "0-1"]
[ICCResult "White checkmated"]
[WhiteElo "1194"]
[BlackElo "1552"]
[Opening "French: Winawer (Nimzovich) variation"]
[ECO "C15"]
[NIC "FR.08"]
[Time "13:00:39"]
[PlyCount "114"]
[TimeControl "3600+10"]

1. e4 e6 2. d4 d5 3. Nc3 Bb4 4. a3 Bxc3+ 5. bxc3 Nf6 6. e5 Ne4 7. Bd2 Qh4
8. Qe2 Bd7 9. Nf3 Qe7 10. Qd1 Nc6 11. Bd3 f5 12. O-O O-O 13. Re1 Qf7 14. c4
Ne7 15. cxd5 exd5 16. c4 dxc4 17. Bxe4 fxe4 18. Ng5 Qg6 19. Nxe4 Bc6 20.
Bb4 Bxe4 21. f3 Bxf3 22. Qd2 Rae8 23. Rf1 Bc6 24. Rxf8+ Rxf8 25. Bxe7 Rf4
26. Rf1 Rxf1+ 27. Kxf1 Qf7+ 28. Qf2 Qxe7 29. Kg1 Qxa3 30. Qf5 Qe3+ 31. Kf1
Qd3+ 32. Qxd3 cxd3 33. Ke1 Bxg2 34. Kd2 Kf7 35. Kxd3 Ke6 36. Kc4 Bd5+ 37.
Kd3 b5 38. Kc3 a5 39. h4 h6 40. h5 Bf3 41. Kd3 Bxh5 42. Kc3 Be2 43. Kd2 Bc4
44. Kc3 g5 45. Kd2 g4 46. Ke3 h5 47. Ke4 g3 48. Kf3 h4 49. Kg2 Bd5+ 50. Kh3
g2 51. Kh2 c6 52. Kg1 b4 53. Kf2 b3 54. Kg1 b2 55. Kh2 g1=Q+ 56. Kxg1 b1=Q+
57. Kh2 Qh1# { White checkmated } 0-1

[Event "ICC tourney 2354 (60 10)"]
[Site "Internet Chess Club"]
[Date "2021.01.31"]
[Round "5"]
[White "lemonbar"]
[Black "LionsHansenW"]
[Result "1-0"]
[ICCResult "Black checkmated"]
[WhiteElo "822"]
[BlackElo "860"]
[Opening "QGD Slav defense"]
[ECO "D10"]
[NIC "SL.01"]
[Time "13:00:43"]
[PlyCount "79"]
[TimeControl "3600+10"]

1. d4 d5 2. c4 c6 3. Nc3 Nf6 4. Bg5 h6 5. Bh4 g5 6. Bg3 e6 7. Nf3 dxc4 8.
e3 Bd6 9. Bxd6 Qxd6 10. Bxc4 Bd7 11. Ne5 O-O 12. O-O b5 13. Bd3 a6 14. a3
c5 15. Nxd7 Nbxd7 16. Be4 Ng4 17. Qxg4 Nf6 18. Qf3 Nxe4 19. Nxe4 Qd7 20.
Nf6+ Kh8 21. Nxd7 Rfd8 22. Qf6+ Kg8 23. Nxc5 Rac8 24. Rac1 Rd6 25. Ne4 Rdc6
26. Rxc6 Rxc6 27. Nc5 g4 28. Qxh6 g3 29. fxg3 e5 30. Qxc6 exd4 31. exd4 b4
32. axb4 a5 33. bxa5 Kg7 34. a6 Kh7 35. Qf6 Kg8 36. a7 Kh7 37. Qxf7+ Kh6
38. Rf6+ Kg5 39. Qg7+ Kh5 40. Rh6# { Black checkmated } 1-0

[Event "ICC tourney 2354 (60 10)"]
[Site "Internet Chess Club"]
[Date "2021.01.31"]
[Round "5"]
[White "TommyBrady1"]
[Black "Fenton2011"]
[Result "1/2-1/2"]
[ICCResult "Game drawn by mutual agreement"]
[WhiteElo "869"]
[BlackElo "1177"]
[Opening "Sicilian, Chekhover variation"]
[ECO "B53"]
[NIC "SI.02"]
[Time "13:00:25"]
[PlyCount "89"]
[TimeControl "3600+10"]

1. e4 c5 2. Nf3 d6 3. d4 cxd4 4. Qxd4 Nc6 5. Qd1 Nf6 6. Nc3 g6 7. Bf4 Bg7
8. e5 dxe5 9. Qxd8+ Kxd8 10. Nxe5 Nxe5 11. Bxe5 Bf5 12. O-O-O+ Ke8 13. Bb5+
Kf8 14. Nd5 a6 15. Nxf6 exf6 16. Bd6+ Kg8 17. Bc4 Rc8 18. b3 Be6 19. Rd4 b5
20. Bxe6 fxe6 21. Bf4 Kf7 22. Rhd1 Rhe8 23. Rd7+ Kg8 24. Bc7 Kf8 25. Bd6+
Kg8 26. Be7 f5 27. Rd8 Rcxd8 28. Rxd8 Rxd8 29. Bxd8 Bd4 30. f3 Be5 31. h3
Kf7 32. c4 bxc4 33. bxc4 Ke8 34. Ba5 Kd7 35. Kd2 Kc6 36. Kd3 Kc5 37. a3 Bb2
38. Bb4+ Kc6 39. Kc2 Bd4 40. Kd3 Bb6 41. a4 Bc7 42. Ke3 a5 43. Ba3 Bb6+ 44.
Kd3 h5 45. Kc3 { Game drawn by mutual agreement } 1/2-1/2

[Event "ICC tourney 2354 (60 10)"]
[Site "Internet Chess Club"]
[Date "2021.01.31"]
[Round "5"]
[White "liud28"]
[Black "SeannDSpeyer"]
[Result "1-0"]
[ICCResult "Black checkmated"]
[WhiteElo "1060"]
[BlackElo "1299"]
[Opening "French: exchange variation"]
[ECO "C01"]
[NIC "FR.01"]
[Time "13:00:31"]
[PlyCount "67"]
[TimeControl "3600+10"]

1. e4 e6 2. d4 d5 3. exd5 exd5 4. c4 c6 5. Qb3 Bd6 6. Nc3 Ne7 7. Bd2 dxc4
8. Bxc4 O-O 9. a4 Nd7 10. Nge2 Nb6 11. Bd3 Bf5 12. Bxf5 Nxf5 13. O-O Re8
14. Ng3 Bxg3 15. fxg3 Nxd4 16. Qxf7+ Kh8 17. Qxb7 Nb3 18. Rad1 Qd7 19. Qxd7
Nxd7 20. Bh6 Ndc5 21. Bf4 Ne6 22. Rd6 Nxf4 23. Rxf4 c5 24. Rd7 h6 25. Rff7
Rg8 26. Ne4 c4 27. Nf6 Rgf8 28. Nh5 Nc1 29. h4 Rxf7 30. Rxf7 Nd3 31. Rxg7
Nxb2 32. Rc7 Rd8 33. Nf6 Rd3 34. Rh7# { Black checkmated } 1-0

[Event "ICC tourney 2354 (60 10)"]
[Site "Internet Chess Club"]
[Date "2021.01.31"]
[Round "5"]
[White "CH246"]
[Black "Evan2win"]
[Result "1-0"]
[ICCResult "Black checkmated"]
[WhiteElo "1288"]
[BlackElo "893"]
[Opening "Caro-Kann: advance variation"]
[ECO "B12"]
[NIC "CK.04"]
[Time "13:00:32"]
[PlyCount "43"]
[TimeControl "3600+10"]

1. e4 c6 2. d4 d5 3. e5 Bf5 4. Bf4 e6 5. Bd3 Bxd3 6. Qxd3 c5 7. Qb5+ Nc6 8.
Qxb7 Nxd4 9. Na3 c4 10. c3 Nf5 11. Nb5 Rc8 12. Nf3 Bc5 13. g4 Nfh6 14. Nfd4
Bxd4 15. Nd6+ Kf8 16. Nxc8 Bc5 17. Nd6 Bxd6 18. exd6 Nxg4 19. d7 Ne7 20.
Bd6 Qb6 21. Qc8+ Qd8 22. Qxd8# { Black checkmated } 1-0